 Dungeon Crawl Stone Soup version 0.19.1-1-g22dce08 (webtiles) character file.

42 McKennaii the Magician (level 3, -2/21 HPs)
             Began as a High Elf Wizard on Jan 4, 2017.
             Killed from afar by McKennaii's ghost (11 damage)
             ... with a magic dart
             ... on level 3 of the Dungeon.
             The game lasted 00:08:33 (1298 turns).

McKennaii the Magician (High Elf Wizard)            Turns: 1298, Time: 00:08:34

Health: -2/21      AC:  3    Str:  6    XL:     3   Next: 35%
Magic:  1/10       EV: 13    Int: 23    God:
Gold:   95         SH:  0    Dex: 13    Spells: 2 memorised, 8 levels left

rFire  . . .     SeeInvis .     o - +4 whip (flame)
rCold  . . .     Gourm    .     a - +0 robe
rNeg   . . .     Faith    .     (no shield)
rPois  .         Spirit   .     b - +0 hat
rElec  .         Reflect  .     k - +0 cloak
rCorr  .         Harm     .     (no gloves)
MR     .....                    (no boots)
Stlth  ++........               (no amulet)
                                (no ring)
                                (no ring)

@: very slightly contaminated
A: no striking features
a: no special abilities


You were on level 3 of the Dungeon.
You were hungry.

You visited 1 branch of the dungeon, and saw 4 of its levels.

You collected 95 gold pieces.

Inventory:

Hand Weapons
 o - a +4 whip of flaming (weapon)
Armour
 a - a +0 robe (worn)
 b - a +0 hat (worn)
 k - a +0 cloak (worn)
Wands
 l - a wand of slowing (10/48)
Scrolls
 e - 3 scrolls of teleportation
 s - a scroll of enchant weapon {unknown}
Potions
 g - a potion of lignification {unknown}
 i - a potion of cancellation {unknown}
 j - a potion of ambrosia {unknown}
 m - a potion of agility {unknown}
 n - a potion of curing {unknown}
 p - a potion of flight {unknown}
 q - 2 potions of cure mutation {unknown}
 r - a potion of heal wounds {unknown}
Books
 c - a book of Minor Magic

   Spells                             Type                      Level
   a - Magic Dart                     Conjuration                  1
   b - Blink                          Translocation                2
   c - Call Imp                       Summoning                    2
   d - Repel Missiles                 Charms/Air                   2
   e - Slow                           Hexes                        2
   f - Conjure Flame                  Conjuration/Fire             3
   g - Mephitic Cloud                 Conjuration/Poison/Air       3
Comestibles
 d - a bread ration
 f - 11 fruits
 h - a beef jerky


   Skills:
 + Level 2.4 Dodging
 + Level 2.3 Stealth
 + Level 4.7 Spellcasting
 + Level 1.8 Conjurations
   Level 0.8 Summonings
   Level 1.1 Translocations


You had 8 spell levels left.
You knew the following spells:

 Your Spells              Type           Power        Failure   Level  Hunger
a - Magic Dart            Conj           ##..         6%          1    None
b - Slow                  Hex            #.......     17%         2    None


Dungeon Overview and Level Annotations

Branches:
Dungeon (4/15)             Temple (0/1) D:4

Altars:

Annotations:
D:3 McKennaii's ghost, weakling HEWz


Message History

The magic dart hits you!
Casting: Magic Dart
Confirm with . or Enter, or press ? or * to list all spells.
Aiming: Magic Dart
Press: ? - help, Shift-Dir - straight line, f/p - dart slug
Aim: a dart slug The magic dart hits the dart slug.
The dart slug is lightly wounded.
McKennaii's ghost points at you and mumbles some strange words.
The magic dart hits you!
Casting: Magic Dart
Confirm with . or Enter, or press ? or * to list all spells.
Aiming: Slow
Press: ? - help, Shift-Dir - straight line, f - McKennaii's ghost
Aim: McKennaii's ghost (chance to defeat MR: 45%) McKennaii's ghost resists with some effort.
McKennaii's ghost points at you and mumbles some strange words.
The magic dart hits you!
Ouch! That really hurt!
You die...

.....(..####.###.####.#########..
..# # #.# #................† .##
#.# ######.##########. .## #.#
#.#########.. ..# #.#
#.##......... #.# #.###
#.##.######.. #.# #...# #......#
### #.# ###.######......######
..# #...@......W.....(... ###
#..######......#..... #..#
#......#..... #..# #.##.###.....
#############..# ...##.# #...w.
...............# #.#####.# #.(...
......#######.####.### #.# #.....
####...# #.# .....# #.# #.....
.....#...# #.##.....###.# ......


You could see McKennaii's ghost.

Vanquished Creatures
  A dart slug (D:1)
  A worm (D:3)
  2 leopard geckos
  A giant cockroach (D:2)
  8 goblins
  4 hobgoblins (D:2)
  6 kobolds
  3 bats
  4 frilled lizards
  5 rats
35 creatures vanquished.

Notes
Turn   | Place    | Note
-------+----------+-------------------------------------------
     0 | D:1      | McKennaii the High Elf Wizard began the quest for the Orb.
     0 | D:1      | Reached XP level 1. HP: 11/11 MP: 6/6
   303 | D:1      | Reached skill level 4 in Spellcasting
   348 | D:1      | Reached XP level 2. HP: 11/17 MP: 4/8
   360 | D:1      | Learned a level 2 spell: Slow
   877 | D:2      | Reached XP level 3. HP: 21/21 MP: 10/10
  1032 | D:3      | Found a faded altar of an unknown god.
  1155 | D:4      | Found a staircase to the Ecumenical Temple.
  1155 | D:4      | Noticed a scorpion
  1283 | D:3      | Noticed McKennaii's ghost (weakling HEWz)
  1298 | D:3      | Killed from afar by McKennaii's ghost

Skill      XL: |  1 |
---------------+----+-----
Spellcasting   | 4 |  4.7
Dodging        | |  2.4
Stealth        | |  2.3
Conjurations   | |  1.8
Summonings     | |  0.8
Translocations | |  1.1

Action                   || total
-------------------------++-------
Melee: Unarmed           ||     3
       Whip              ||     8
 Cast: Magic Dart        ||    68
       Slow              ||     2
  Use: Scroll            ||     4
Armor: Robe              ||     2
Dodge: Dodged            ||    19
